Map: Eternal Empire LE

Players

INnoVation

  • Race: Terran Terran
  • Spawn Location: 7:00

Serral - Winner!

  • Race: Zerg Zerg
  • Spawn Location: 1:00

Event: War Chest Team League

VOD

Have the link to the VOD?

Description

Time

  • Played on: Aug. 2, 2020, 6:13 a.m.
  • Length: 10:00

All games in this series

Show
View Real Time Build Order
Export as new Build Order

INnoVation Terran 

Build Orders: Reaper Expand 

Get SALT Encoding   

  12  0:01  SCV  
  13  0:13  SCV  
  14  0:17  Supply Depot  
  14  0:25  SCV  
  15  0:38  SCV  
  15  0:40  Barracks  
  16  0:44  Refinery  
  16  0:50  SCV  
  17  1:03  SCV  
  18  1:15  SCV  
  19  1:27  Orbital Command  
  19  1:28  Reaper  
  20  1:40  Command Center  
  20  1:50  Supply Depot  
  20  1:53  SCV  
  21  1:59  Marine  
  22  2:05  SCV  
  23  2:14  Factory  
  23  2:17  SCV  
  23  2:22  Barracks Reactor  
  24  2:29  SCV  
  25  2:40  Command Center  
  25  2:41  SCV  
  26  2:52  Orbital Command  
  26  2:54  SCV  
  27  3:00  Starport  
  27  3:04  Refinery  
  27  3:09  SCV  
  27  3:11  Hellion  
  30  3:16  Hellion  
  32  3:20  SCV  
  32  3:21  SCV  
  34  3:33  SCV  
  34  3:34  SCV  
  36  3:41  Hellion x2  
  40  3:43  Fusion Core  
  40  3:46  SCV x2  
  42  3:51  Orbital Command  
  42  3:53  Refinery  
  42  3:58  SCV  
  42  3:59  Refinery, SCV  
  44  4:10  SCV, Starport Tech Lab  
  44  4:11  SCV  
  44  4:12  Supply Depot  
  44  4:14  Hellion  
  44  4:15  Hellion  
  50  4:23  SCV x2  
  52  4:34  Battlecruiser  
  52  4:35  Supply Depot  
  52  4:36  SCV, Orbital Command  
  52  4:38  SCV  
  59  4:46  Hellion x2  
  59  4:48  SCV  
  59  4:50  SCV  
  65  4:58  Supply Depot  
  65  5:01  SCV x2  
  65  5:02  SCV  
  65  5:04  Factory  
  65  5:06  Factory  
  68  5:07  Hellion x2  
  68  5:13  Armory  
  72  5:15  Armory  
  72  5:19  Supply Depot  
  72  5:23  SCV x3  
  75  5:35  Barracks Tech Lab, SCV x3  
  78  5:38  Engineering Bay  
  78  5:45  Hellion  
  78  5:47  SCV x3  
  83  5:56  Factory Tech Lab  
  83  5:57  Factory Tech Lab  
  81  5:59  SCV x2  
  79  6:05  SCV  
  72  6:11  SCV x2  
  72  6:13  Missile Turret  
  72  6:14  Missile Turret  
  72  6:15  Thor x2, Missile Turret  
  79  6:21  Missile Turret x2  
  79  6:23  Hellion  
  79  6:24  Hellion  
  83  6:32  Battlecruiser  
  83  6:37  Supply Depot  
  82  6:42  SCV x3  
  82  6:44  Refinery  
  82  6:45  Refinery  
  81  6:55  SCV x2  
  81  6:56  SCV  
  81  6:58  Thor  
  81  7:00  Thor  
  90  7:04  Orbital Command  
  90  7:07  Hellion  
  90  7:08  Hellion, SCV x2  
  86  7:18  Refinery  
  86  7:20  SCV  
  86  7:21  SCV  
  84  7:29  Terran Vehicle Weapons Level 1  
  81  7:30  Terran Vehicle And Ship Armor Level 1  
  81  7:31  SCV  
  81  7:32  SCV  
  81  7:33  SCV  
  84  7:40  Hellion x2  
  84  7:43  SCV  
  89  7:45  SCV  
  89  7:47  Supply Depot, SCV  
  89  7:49  Supply Depot  
  87  7:55  SCV  
  81  8:00  SCV x2  
  81  8:02  Thor  
  79  8:07  Thor, SCV  
  86  8:14  Refinery  
  86  8:15  Missile Turret  
  86  8:17  SCV x2  
  86  8:19  SCV  
  89  8:29  SCV x2  
  89  8:31  SCV  
  90  8:34  Factory x2  
  90  8:41  SCV x2  
  92  8:43  SCV  
  92  8:47  Supply Depot  
  93  8:48  Supply Depot  
  93  8:54  Supply Depot  
  93  9:02  Command Center  
  93  9:10  Medivac, Siege Tank, SCV x3  
  93  9:11  Supply Depot  
  93  9:12  Supply Depot  
  93  9:15  Thor  
  107  9:17  Supply Depot, Hellion  
  107  9:19  Factory Reactor  
  109  9:30  SCV  
  109  9:31  Hellion, SCV x2  
  108  9:32  Supply Depot  
  108  9:33  Supply Depot  
  108  9:35  Supply Depot  
  105  9:42  Supply Depot, SCV  
  105  9:43  SCV x2  
  105  9:44  Supply Depot  
  104  9:48  Supply Depot  
Show
View Real Time Build Order
Export as new Build Order

Serral Zerg - Winner!

Build Orders: Hatch First, Muta Ling Bane 

Get SALT Encoding   

  12  0:00  Drone  
  13  0:12  Overlord  
  13  0:17  Drone  
  14  0:30  Drone x2  
  16  0:49  Hatchery  
  15  0:52  Drone  
  15  0:56  Drone  
  17  1:02  Drone  
  18  1:10  Extractor  
  17  1:17  Spawning Pool  
  16  1:19  Drone  
  16  1:22  Drone  
  18  1:28  Drone  
  19  1:38  Drone  
  20  1:49  Overlord  
  20  2:04  Queen x2  
  20  2:05  Zergling x4  
  26  2:11  Drone  
  26  2:12  Drone  
  26  2:14  Metabolic Boost  
  28  2:21  Drone  
  28  2:22  Drone  
  30  2:32  Drone  
  30  2:33  Drone  
  32  2:39  Queen  
  32  2:42  Queen  
  36  2:48  Overlord  
  36  2:51  Overlord  
  36  3:07  Drone x4  
  36  3:11  Drone x4  
  44  3:17  Drone x3  
  44  3:18  Drone  
  48  3:25  Lair  
  48  3:38  Hatchery  
  48  3:41  Extractor x2  
  45  3:42  Drone x2  
  45  3:45  Drone x2  
  50  3:48  Drone x2  
  50  3:51  Drone  
  50  3:53  Overlord  
  52  3:56  Overlord  
  52  4:04  Overlord  
  52  4:05  Baneling Nest  
  52  4:09  Zergling x2  
  52  4:12  Drone x2  
  52  4:15  Zergling x4  
  56  4:18  Queen  
  58  4:26  Spire  
  58  4:29  Drone x3  
  60  4:32  Extractor  
  60  4:33  Drone  
  60  4:35  Zergling x2  
  61  4:38  Drone x3  
  61  4:43  Overlord  
  64  4:45  Drone  
  64  4:49  Queen  
  67  4:54  Zergling x2  
  67  4:55  Drone x3  
  67  4:59  Drone  
  72  5:03  Zergling x2  
  72  5:04  Drone x4  
  72  5:05  Overlord  
  72  5:06  Baneling x2  
  77  5:07  Drone  
  77  5:09  Extractor  
  77  5:11  Extractor  
  77  5:12  Drone  
  77  5:13  Drone  
  78  5:15  Spore Crawler  
  77  5:24  Drone x3  
  77  5:25  Overseer  
  77  5:28  Zergling x2, Overlord  
  81  5:34  Overlord  
  81  5:39  Mutalisk x4  
  86  5:50  Mutalisk x4  
  86  5:53  Zergling x2  
  93  5:58  Zergling x2  
  93  5:59  Zergling x12  
  92  6:09  Drone x6  
  90  6:13  Mutalisk  
  90  6:18  Mutalisk x2  
  90  6:24  Mutalisk  
  96  6:26  Zerg Flyer Weapons Level 1  
  96  6:30  Mutalisk  
  98  6:33  Zergling x4  
  98  6:39  Mutalisk x2  
  104  6:43  Zergling x2  
  105  6:52  Mutalisk x2  
  105  6:56  Overlord x2  
  105  6:57  Overlord  
  105  6:58  Overlord  
  105  7:00  Overlord  
  105  7:01  Overlord  
  105  7:04  Overlord  
  103  7:09  Drone x3  
  103  7:14  Mutalisk  
  107  7:16  Drone x3  
  107  7:20  Mutalisk x2  
  107  7:22  Drone x2  
  113  7:27  Drone  
  114  7:31  Baneling  
  114  7:32  Mutalisk x2  
  114  7:33  Mutalisk  
  114  7:36  Baneling x3  
  119  7:49  Mutalisk x2  
  119  7:50  Zergling x6, Hatchery  
  119  7:51  Zergling x2  
  122  8:03  Mutalisk  
  122  8:04  Mutalisk  
  120  8:05  Drone  
  120  8:06  Drone x6  
  120  8:11  Centrifical Hooks  
  120  8:12  Roach Warren  
  126  8:17  Evolution Chamber x2  
  126  8:19  Drone x4  
  128  8:27  Mutalisk x3  
  128  8:30  Drone  
  128  8:31  Drone x2  
  135  8:36  Overlord  
  135  8:38  Drone x3  
  135  8:39  Drone  
  139  8:45  Unknown  
  139  8:46  Overlord  
  138  8:48  Baneling x2  
  138  8:49  Baneling x4  
  138  8:50  Baneling  
  138  9:01  Hatchery, Drone x2  
  137  9:11  Drone  
  137  9:12  Zergling x2  
  137  9:13  Zergling x20  
  149  9:19  Overlord x2  
  149  9:26  Drone x2  
  149  9:29  Zergling x6  
  149  9:30  Roach x3  
Tags
 
Add a new tag
Caveats
  • Supply blocks, unpowered buildings, or Contaminate may cause inaccurate times.
  • Supply counts are checked every 10 seconds.